AoeStats
← Rey David

Fortress

510342820Analyzed
1v1 RM · 10h ago on Sep 30, 2026· 60m 7s· 2 players
Game mode
Random Map
Map size
Small (3 player)
Population
200
Speed
Normal
Resources
Standard
Victory
Conquest
Starting age
Dark Age
Ending age
Imperial Age
RankedLock teamsTeams togetherTeam positionsShared explorationLock speedFull tech treeHidden civsTurbo modeCheats
Victory
Defeat
🇪🇸 Maya · Spain
973
+17
🇪🇨 Vietnamese · Ecuador
998
-17
GS
7:04 Feudal Age
8:47 Loom
11:37 Castle Age
10:08 Double-Bit Axe
10:14 Horse Collar
11:20 Fletching
12:22 Bodkin Arrow
16:45 Gold Mining
17:02 Town Watch
24:08 Imperial Age
21:50 Eagle Warrior
22:32 Scale Mail Armor
23:14 Bow Saw
24:34 Chain Mail Armor
26:07 Chemistry
26:25 Plate Mail Armor
26:41 Forging
27:31 Bracer
26:55 Elite Skirmisher
29:13 Padded Archer Armor
29:39 Conscription
31:02 Holcans
31:29 Leather Archer Armor
33:50 Ring Archer Armor
34:06 Ballistics
35:36 Elite Eagle Warrior
37:58 Iron Casting
40:18 Two-Man Saw
39:11 Arson
44:16 Blast Furnace
44:59 Hul'che Javelineers
45:11 Masonry
45:31 Crossbowman
46:17 Thumb Ring
48:21 Arbalester
48:26 Man-at-Arms
49:07 Squires
51:11 Hoardings
51:46 Long Swordsman
51:47 Pikeman
53:37 Architecture
54:02 Town Patrol
54:37 Wheelbarrow
54:34 Capped Ram
55:00 Two-Handed Swordsman
56:09 Siege Ram
Rey David
2:31 Loom
7:21 Feudal Age
13:00 Castle Age
12:38 Fletching
13:52 Padded Archer Armor
14:16 Bodkin Arrow
14:37 Double-Bit Axe
21:35 Wheelbarrow
26:48 Imperial Age
24:39 Leather Archer Armor
27:01 Scale Barding Armor
27:30 Hand Cart
27:58 Paper Money
27:53 Thumb Ring
27:55 Bracer
28:18 Ballistics
33:13 Chemistry
34:16 Man-at-Arms
36:00 Ring Archer Armor
36:00 Long Swordsman
36:42 Elite Rattan Archer
39:29 Two-Handed Swordsman
40:28 Forging
40:32 Champion
41:55 Iron Casting
43:32 Squires
43:35 Scale Mail Armor
45:25 Coinage
45:06 Guilds
44:46 Capped Ram
50:18 Chain Mail Armor
56:56 Plate Mail Armor
Connection lost

Rejoining the realm…

Still unreachable

The connection could not be restored.

Session expired

The server has moved on; the page needs a fresh start.